TOP OF THE 1ST |
Tri-City Dust Devils batting - Pitching for Cincinnati (NYP) Reds : RHP Tim Bant
|
Pitching: RHP Tim Bant
|
|
Batting: RHB Adrian Cook
|
0-0: DOUBLE (Line Drive, 89D, EV 100.6 MPH)
|
Batting: LHB Erik Beezley
|
0-0: Ball 1-0: Foul Ball, location: 2F 1-1: Ground out U3 (Groundball, 34, EV 106.2 MPH) Adrian Cook to third
|
Batting: LHB David McNair
|
0-0: Ball 1-0: Called Strike 1-1: Ground out 4-3 (Groundball, 4, EV 96.2 MPH) Adrian Cook scores
|
Batting: RHB Mike MacLeod
|
0-0: Foul Ball, location: 2F 0-1: Called Strike 0-2: Ground out 4-3 (Groundball, 4, EV 89.4 MPH)
|
Top of the 1st over - 1 run, 1 hit, 0 errors, 0 left on base; Tri-City 1 - Cincinnati (NYP) 0 |
BOTTOM OF THE 1ST |
Cincinnati (NYP) Reds batting - Pitching for Tri-City Dust Devils : RHP Tristan Vollmer
|
Pitching: RHP Tristan Vollmer
|
|
Batting: RHB Juan Zamora
|
0-0: Ball 1-0: Swinging Strike 1-1: Foul Ball, location: 2F 1-2: Ball 2-2: Strikes out swinging
|
Batting: RHB Sang-ton Pak
|
0-0: Foul Ball, location: 2F 0-1: Foul Ball, location: 2F 0-2: Ball 1-2: Ball 2-2: Foul Ball, location: 2F 2-2: Ball 3-2: Ground out 4-3 (Groundball, 4, EV 86.9 MPH)
|
Batting: SHB Kristian Kristensen
|
0-0: Swinging Strike 0-1: Ground out 5-3 (Groundball, 56, EV 86.2 MPH)
|
Bottom of the 1st over - 0 runs, 0 hits, 0 errors, 0 left on base; Tri-City 1 - Cincinnati (NYP) 0 |
TOP OF THE 2ND |
Tri-City Dust Devils batting - Pitching for Cincinnati (NYP) Reds : RHP Tim Bant
|
Batting: LHB Tony Contreras
|
0-0: Ball 1-0: Foul Ball, location: 2F 1-1: Fly out, F8 (Flyball, 8RM, EV 89.4 MPH)
|
Batting: LHB Javy Portela
|
0-0: Called Strike 0-1: Ball 1-1: Called Strike 1-2: Strikes out swinging
|
Batting: RHB Brian Klinkner
|
0-0: Called Strike 0-1: Foul Ball, location: 2F 0-2: Foul Ball, location: 2F 0-2: Ball 1-2: Foul Ball, location: 2F 1-2: Foul Ball, location: 2F 1-2: Ball 2-2: Ball 3-2: Foul Ball, location: 2F 3-2: Foul Ball, location: 2F 3-2: Strikes out swinging
|
Top of the 2nd over - 0 runs, 0 hits, 0 errors, 0 left on base; Tri-City 1 - Cincinnati (NYP) 0 |
BOTTOM OF THE 2ND |
Cincinnati (NYP) Reds batting - Pitching for Tri-City Dust Devils : RHP Tristan Vollmer
|
Batting: LHB Brian Dickeson
|
0-0: Called Strike 0-1: Swinging Strike 0-2: Strikes out swinging, 2-3 out at first.
|
Batting: RHB Ben Hinman
|
0-0: Foul Ball, location: 2F 0-1: Ball 1-1: Ball 2-1: Called Strike 2-2: Foul Ball, location: 2F 2-2: Hit by Pitch
|
Batting: SHB Jaivata Mohanty
|
0-0: Ball 1-0: Fly out, F8 (Flyball, 8LS, EV 83.8 MPH)
|
Batting: RHB R.J. Romberg
|
0-0: Ball 1-0: Ball 2-0: Ball 3-0: Base on Balls Ben Hinman to second
|
Batting: RHB Yasusaburo Kuwahara
|
0-0: Called Strike 0-1: Foul Ball, location: 2F 0-2: Ball 1-2: Strikes out swinging
|
Bottom of the 2nd over - 0 runs, 0 hits, 0 errors, 2 left on base; Tri-City 1 - Cincinnati (NYP) 0 |
TOP OF THE 3RD |
Tri-City Dust Devils batting - Pitching for Cincinnati (NYP) Reds : RHP Tim Bant
|
Batting: RHB Max Stillo
|
0-0: DOUBLE (Flyball, 8RXD, EV 106.2 MPH)
|
Batting: RHB Danny Guevara
|
0-0: Called Strike 0-1: Called Strike 0-2: Ball 1-2: Ball 2-2: SINGLE (Line Drive, 56, EV 103.1 MPH) Max Stillo to third
|
Batting: RHB Adrian Cook
|
0-0: Ball 1-0: Foul Ball, location: 2F 1-1: Ball 2-1: Ball 3-1: Swinging Strike 3-2: Base on Balls Danny Guevara to second
|
Batting: LHB Erik Beezley
|
0-0: Fielders Choice at 2nd, 4-6 (Groundball, 4, EV 96.2 MPH) Max Stillo scores Danny Guevara to third
|
Batting: LHB David McNair
|
0-0: Ball 1-0: Called Strike 1-1: Called Strike 1-2: Strikes out swinging
|
Batting: RHB Mike MacLeod
|
0-0: Called Strike 0-1: Called Strike 0-2: Strikes out looking
|
Top of the 3rd over - 1 run, 2 hits, 0 errors, 2 left on base; Tri-City 2 - Cincinnati (NYP) 0 |
BOTTOM OF THE 3RD |
Cincinnati (NYP) Reds batting - Pitching for Tri-City Dust Devils : RHP Tristan Vollmer
|
Batting: RHB Cyd Carver
|
0-0: Called Strike 0-1: Ball 1-1: SINGLE (Groundball, 6M, EV 85.0 MPH) (infield hit)
|
Batting: RHB Juan Zamora
|
Pickoff Throw to First - Error! E1 Cyd Carver to second 0-0: Ball 1-0: Foul Ball, location: 2F 1-1: Called Strike 1-2: Strikes out looking
|
Batting: RHB Sang-ton Pak
|
0-0: Called Strike 0-1: Swinging Strike 0-2: Strikes out swinging
|
Batting: SHB Kristian Kristensen
|
0-0: Swinging Strike 0-1: Ball 1-1: Ball 2-1: Ground out 6-3 (Groundball, 6S, EV 80.6 MPH)
|
Bottom of the 3rd over - 0 runs, 1 hit, 1 error, 1 left on base; Tri-City 2 - Cincinnati (NYP) 0 |
TOP OF THE 4TH |
Tri-City Dust Devils batting - Pitching for Cincinnati (NYP) Reds : RHP Tim Bant
|
Batting: LHB Tony Contreras
|
0-0: Ball 1-0: Swinging Strike 1-1: Ground out 4-3 (Groundball, 4, EV 85.0 MPH)
|
Batting: LHB Javy Portela
|
0-0: Swinging Strike 0-1: Called Strike 0-2: Ball 1-2: Ball 2-2: Foul Ball, location: 2F 2-2: SINGLE (Line Drive, 6MD, EV 96.2 MPH)
|
Batting: RHB Brian Klinkner
|
0-0: Called Strike 0-1: Called Strike 0-2: Ball 1-2: Foul Ball, location: 2F 1-2: Foul Ball, location: 2F 1-2: Ball 2-2: Foul Ball, location: 2F 2-2: Ball Pickoff Throw to First - Out! 1-3 3-2: Fly out, F8 (Flyball, 8LD, EV 109.4 MPH)
|
Top of the 4th over - 0 runs, 1 hit, 0 errors, 0 left on base; Tri-City 2 - Cincinnati (NYP) 0 |
BOTTOM OF THE 4TH |
Cincinnati (NYP) Reds batting - Pitching for Tri-City Dust Devils : RHP Tristan Vollmer
|
Batting: LHB Brian Dickeson
|
0-0: Ground out 4-3 (Groundball, 4, EV 88.1 MPH)
|
Batting: RHB Ben Hinman
|
0-0: Called Strike 0-1: Called Strike 0-2: Ball 1-2: Ball 2-2: Ball 3-2: Foul Ball, location: 2F 3-2: SOLO HOME RUN (Flyball, 9D, EV 98.1 MPH), Distance : 389 ft
|
Batting: SHB Jaivata Mohanty
|
0-0: Called Strike 0-1: Ball 1-1: Swinging Strike 1-2: Ball 2-2: Strikes out swinging
|
Batting: RHB R.J. Romberg
|
0-0: Called Strike 0-1: Ground out U3 (Groundball, 3L, EV 88.8 MPH)
|
Bottom of the 4th over - 1 run, 1 hit, 0 errors, 0 left on base; Tri-City 2 - Cincinnati (NYP) 1 |
TOP OF THE 5TH |
Tri-City Dust Devils batting - Pitching for Cincinnati (NYP) Reds : RHP Tim Bant
|
Batting: RHB Max Stillo
|
0-0: Called Strike 0-1: Fly out, F9 (Flyball, 89S, EV 70.6 MPH)
|
Batting: RHB Danny Guevara
|
0-0: Called Strike 0-1: Ball 1-1: Called Strike 1-2: Ground out 4-3 (Groundball, 4, EV 84.4 MPH)
|
Batting: RHB Adrian Cook
|
0-0: Ball 1-0: Foul Ball, location: 2F 1-1: Called Strike 1-2: Ball 2-2: Ball 3-2: SINGLE (Line Drive, 78M, EV 103.8 MPH)
|
Batting: LHB Erik Beezley
|
0-0: Ground out 4-3 (Groundball, 4, EV 87.5 MPH)
|
Top of the 5th over - 0 runs, 1 hit, 0 errors, 1 left on base; Tri-City 2 - Cincinnati (NYP) 1 |
BOTTOM OF THE 5TH |
Cincinnati (NYP) Reds batting - Pitching for Tri-City Dust Devils : RHP Tristan Vollmer
|
Batting: RHB Yasusaburo Kuwahara
|
0-0: Ball 1-0: Called Strike 1-1: Foul Ball, location: 2F 1-2: Strikes out swinging
|
Batting: RHB Cyd Carver
|
0-0: Ball 1-0: Ball 2-0: SINGLE (Flyball, 56D, EV 95.0 MPH)
|
Batting: RHB Juan Zamora
|
0-0: Called Strike Cyd Carver steals 2nd base 0-1: Ball Cyd Carver steals 3rd base 1-1: Fly out, F7 (Line Drive, 78D, EV 86.2 MPH) Runner from 3rd tags up, SCORES, no throw by LF
|
Batting: RHB Sang-ton Pak
|
0-0: Called Strike 0-1: Ball 1-1: Called Strike 1-2: Fly out, F9 (Line Drive, 9, EV 92.5 MPH)
|
Bottom of the 5th over - 1 run, 1 hit, 0 errors, 0 left on base; Tri-City 2 - Cincinnati (NYP) 2 |
TOP OF THE 6TH |
Tri-City Dust Devils batting - Pitching for Cincinnati (NYP) Reds : RHP Tim Bant
|
Batting: LHB David McNair
|
0-0: Ball 1-0: Ball 2-0: Called Strike 2-1: Ball 3-1: Swinging Strike 3-2: Strikes out looking
|
Batting: RHB Mike MacLeod
|
0-0: Ground out 6-3 (Groundball, 6, EV 85.0 MPH)
|
Batting: LHB Tony Contreras
|
0-0: Fly out, F8 (Flyball, 8LM, EV 86.9 MPH)
|
Top of the 6th over - 0 runs, 0 hits, 0 errors, 0 left on base; Tri-City 2 - Cincinnati (NYP) 2 |
BOTTOM OF THE 6TH |
Cincinnati (NYP) Reds batting - Pitching for Tri-City Dust Devils : RHP Tristan Vollmer
|
Batting: SHB Kristian Kristensen
|
0-0: Ball 1-0: Swinging Strike 1-1: Foul Ball, location: 2F 1-2: Strikes out swinging
|
Batting: LHB Brian Dickeson
|
0-0: Ball 1-0: Ball 2-0: Ground out 3-1 (Groundball, 34S, EV 88.8 MPH)
|
Batting: RHB Ben Hinman
|
0-0: Ball 1-0: Ball 2-0: Ball 3-0: Called Strike 3-1: Base on Balls
|
Pitching: RHP Tony Black
|
|
Batting: SHB Jaivata Mohanty
|
0-0: Called Strike 0-1: Ball 1-1: Called Strike 1-2: Strikes out swinging
|
Bottom of the 6th over - 0 runs, 0 hits, 0 errors, 1 left on base; Tri-City 2 - Cincinnati (NYP) 2 |
TOP OF THE 7TH |
Tri-City Dust Devils batting - Pitching for Cincinnati (NYP) Reds : RHP Tim Bant
|
Batting: LHB Javy Portela
|
0-0: Swinging Strike 0-1: Ground out 5-3 (Groundball, 56, EV 87.5 MPH)
|
Pitching: RHP Vic Flores
|
|
Batting: RHB Brian Klinkner
|
0-0: Called Strike 0-1: Ball 1-1: Ball 2-1: Ground out 4-3 (Groundball, 4, EV 89.4 MPH)
|
Batting: RHB Max Stillo
|
0-0: Ball 1-0: SINGLE (Groundball, 6MD, EV 100.0 MPH)
|
Batting: RHB Danny Guevara
|
0-0: Fielders Choice at 2nd, 6-4 (Groundball, 56, EV 76.9 MPH)
|
Top of the 7th over - 0 runs, 1 hit, 0 errors, 1 left on base; Tri-City 2 - Cincinnati (NYP) 2 |
BOTTOM OF THE 7TH |
Cincinnati (NYP) Reds batting - Pitching for Tri-City Dust Devils : RHP Tony Black
|
Batting: RHB R.J. Romberg
|
0-0: Ball 1-0: Foul Ball, location: 2F 1-1: Ball 2-1: Foul Ball, location: 2F 2-2: Ball 3-2: Base on Balls
|
Batting: RHB Yasusaburo Kuwahara
|
0-0: Called Strike 0-1: Ball 1-1: Called Strike 1-2: Ball 2-2: Strikes out swinging
|
Pinch Hitting: LHB Matthew Berry
|
0-0: Called Strike 0-1: Called Strike 0-2: Ball 1-2: Ball 2-2: Ball 3-2: Strikes out swinging
|
Batting: RHB Juan Zamora
|
0-0: Ball 1-0: Ball 2-0: Ball 3-0: Called Strike 3-1: Foul Ball, location: 2F 3-2: Strikes out swinging
|
Bottom of the 7th over - 0 runs, 0 hits, 0 errors, 1 left on base; Tri-City 2 - Cincinnati (NYP) 2 |
TOP OF THE 8TH |
Tri-City Dust Devils batting - Pitching for Cincinnati (NYP) Reds : RHP Vic Flores
|
Now at SS: John Hopkins
|
|
Pinch Hitting: LHB Ruben Rocha
|
0-0: SOLO HOME RUN (Line Drive, 9D, EV 99.4 MPH), Distance : 397 ft
|
Batting: LHB Erik Beezley
|
0-0: Called Strike 0-1: Ground out U3 (Groundball, 3, EV 85.6 MPH)
|
Batting: LHB David McNair
|
0-0: Foul Ball, location: 2F 0-1: Swinging Strike 0-2: Ball 1-2: Ball 2-2: Ball 3-2: Strikes out looking
|
Batting: RHB Mike MacLeod
|
0-0: Called Strike 0-1: Ground out U3 (Groundball, 3L, EV 95.0 MPH)
|
Top of the 8th over - 1 run, 1 hit, 0 errors, 0 left on base; Tri-City 3 - Cincinnati (NYP) 2 |
BOTTOM OF THE 8TH |
Cincinnati (NYP) Reds batting - Pitching for Tri-City Dust Devils : RHP Tony Black
|
Now in LF: Ruben Rocha
|
|
Now in CF: Erik Beezley
|
|
Batting: RHB Sang-ton Pak
|
0-0: Ball 1-0: Ball 2-0: Swinging Strike 2-1: Ball 3-1: Called Strike 3-2: Strikes out looking
|
Batting: SHB Kristian Kristensen
|
0-0: DOUBLE (Flyball, 8RXD, EV 109.4 MPH)
|
Batting: LHB Brian Dickeson
|
0-0: Ball 1-0: Called Strike 1-1: Ball 2-1: Ball 3-1: Foul Ball, location: 2F 3-2: Strikes out swinging
|
Pitching: RHP Sean Fowler
|
|
Pinch Hitting: LHB Matt Kennedy
|
0-0: Ball 1-0: Ball 2-0: Called Strike 2-1: Swinging Strike 2-2: Strikes out looking
|
Bottom of the 8th over - 0 runs, 1 hit, 0 errors, 1 left on base; Tri-City 3 - Cincinnati (NYP) 2 |
TOP OF THE 9TH |
Tri-City Dust Devils batting - Pitching for Cincinnati (NYP) Reds : RHP Vic Flores
|
Pitching: LHP Israel Serrano
|
|
Now at 1B: John Galluzzo
|
|
Pinch Hitting: RHB Frank Elizondo
|
0-0: Ball 1-0: Ball 2-0: Ball 3-0: Called Strike 3-1: DOUBLE (Line Drive, 89XD, EV 112.5 MPH)
|
Batting: LHB Javy Portela
|
0-0: Foul Ball, location: 2F 0-1: Ground out 1-3 (Groundball, P, EV 71.9 MPH) Frank Elizondo to third
|
Pitching: RHP Nick Miller
|
|
Batting: RHB Brian Klinkner
|
0-0: Ball 1-0: Called Strike 1-1: Foul Ball, location: 2F 1-2: Strikes out swinging
|
Batting: RHB Max Stillo
|
0-0: Ball 1-0: TRIPLE (Flyball, 9LD, EV 95.0 MPH) Frank Elizondo scores
|
Batting: RHB Danny Guevara
|
0-0: Ball 1-0: Ball 2-0: Foul Ball, location: 2F 2-1: Foul Ball, location: 2F 2-2: Strikes out looking
|
Top of the 9th over - 1 run, 2 hits, 0 errors, 1 left on base; Tri-City 4 - Cincinnati (NYP) 2 |
BOTTOM OF THE 9TH |
Cincinnati (NYP) Reds batting - Pitching for Tri-City Dust Devils : RHP Sean Fowler
|
Pitching: RHP Wayne Kerrick
|
|
Now at 1B: Conor Barron
|
|
Batting: SHB Jaivata Mohanty
|
0-0: Foul Ball, location: 2F 0-1: Ball 1-1: DOUBLE (Line Drive, 78D, EV 109.4 MPH)
|
Pinch Hitting: SHB Tim Utz
|
0-0: Ball 1-0: Called Strike 1-1: Ball 2-1: Ball 3-1: Called Strike 3-2: Strikes out swinging
|
Pinch Hitting: LHB Steven Wamble
|
0-0: Fly out, F7 (Flyball, 7, EV 86.9 MPH)
|
Pinch Hitting: RHB Alex Villagomez
|
0-0: Fly out, F7 (Line Drive, 7, EV 108.8 MPH)
|
Bottom of the 9th over - 0 runs, 1 hit, 0 errors, 1 left on base; Tri-City 4 - Cincinnati (NYP) 2 |
|